 Dungeon Crawl Stone Soup version 0.30-a0-393-g54b8e3be05 (webtiles) character file.

Game seed: 15062712746493784189

1159 Raultor the Changer (level 8, -7/64 HPs)
             Began as an Octopode Transmuter on Dec 1, 2022.
             Was an Initiate of the Shining One.
             Mangled by a two-headed ogre
             ... wielding a +0 giant spiked club
              (12 damage)
             ... on level 6 of the Dungeon on Dec 5, 2022.
             The game lasted 00:14:42 (4795 turns).

Raultor the Changer (Octopode Transmuter)           Turns: 4795, Time: 00:14:42

Health: -7/64      AC:  7    Str:  9    XL:     8   Next: 39%
Magic:  1/11       EV: 10    Int: 18    God:    the Shining One [......]
Gold:   278        SH:  0    Dex: 12    Spells: 4/11 levels left

rFire   . . .      SeeInvis +      - Unarmed
rCold   + + +      Faith    .    (shield currently unavailable)
rNeg    . . .      Spirit   .    (helmet currently unavailable)
rPois   +          Reflect  .    r - amulet of the acrobat
rElec   .          Harm     .    F - ring of protection from fire
rCorr   .          Rampage  .    v - ring of see invisible
Will    .....                    Y - +4 ring of slaying
Stlth   +.........               (no ring)
HPRegen 0.30/turn                (no ring)
MPRegen 0.12/turn                (no ring)
                                 (no ring)
                                 (no ring)

@: ice-form, very slightly contaminated, glowing
A: freezing attack, boosted hp, almost no armour, amphibious, 8 rings, large,
(camouflage 1), (gelatinous body 1), (nimble swimmer 1), (tentacles)
a: End Transformation, Renounce Religion


You were on level 6 of the Dungeon.
You worshipped the Shining One.
The Shining One was noncommittal.
You were a creature of crystalline ice.
You visited 2 branches of the dungeon, and saw 7 of its levels.

You collected 278 gold pieces.


Innate Abilities, Weirdness & Mutations

You are a creature of crystalline ice.
You have a powerful freezing melee attack.
Your maximum health is increased.
Your armour is entirely melded.
You are incapable of wielding weapons or throwing items.
You cannot wear most types of armour.
You are amphibious.
You can wear up to eight rings at the same time.
((Your skin changes colour to match your surroundings (Stealth+).))
((Your rubbery body absorbs attacks. (AC +1, EV +1)))
((You are camouflaged when in or above water. (Stealth+)))
((You have tentacles for arms and can constrict up to eight enemies at once.))


   Skills:
 + Level 4.0 Fighting
 - Level 2.0 Dodging
 + Level 4.9 Unarmed Combat
 - Level 2.0 Spellcasting
 * Level 5.9 Transmutations
 * Level 5.3 Ice Magic


You had 4 spell levels left.
You knew the following spells:

 Your Spells              Type           Power      Damage    Failure   Level
b - Beastly Appendage     Tmut           46%        N/A       1%          1
c - Ice Form              Ice/Tmut       22%        N/A       19%         4
w - Wereblood             Tmut           23%        N/A       2%          2

Your spell library contained the following spells:

 Spells                   Type           Power      Damage    Failure   Level
 Spider Form              Tmut/Pois      12%        N/A       16%         3
 Hailstorm                Conj/Ice       11%        3d5       19%         3
 Call Canine Familiar     Summ           1%         N/A       47%         3
 Portal Projectile        Hex/Tloc       2%         N/A       47%         3
 Leda's Liquefaction      Hex/Erth       0%         N/A       87%         4
 Simulacrum               Ice/Necr       5%         N/A       100%        6

Inventory:

Jewellery
 k - an amulet of magic regeneration
 r - an amulet of the acrobat (around neck)
 v - a ring of see invisible (right front paw)
 F - a ring of protection from fire (left front paw)
 Y - a +4 ring of slaying (on tentacle)
Wands
 n - a wand of flame (8)
 s - a wand of light (7)
Scrolls
 b - 9 scrolls of identify {unknown}
 c - 2 scrolls of teleportation {@r2}
 d - 2 scrolls of blinking {unknown}
 f - 2 scrolls of poison {unknown}
 g - a scroll of enchant weapon {unknown}
 h - a scroll of summoning {unknown}
 l - a scroll of noise {unknown}
 o - a scroll of brand weapon {unknown}
 p - a scroll of fear {unknown}
Potions
 a - 3 potions of lignification
 e - 3 potions of mutation {unknown}
 i - 3 potions of heal wounds {unknown}
 j - a potion of invisibility
 m - 3 potions of curing {@q1}
 q - a potion of magic {unknown}

Dungeon Overview and Level Annotations

Branches:
Dungeon (6/15)             Temple (1/1) D:4

Altars:
Ashenzari
Cheibriados
Fedhas
Hepliaklqana
Nemelex Xobeh
Qazlal
Sif Muna
Trog
Vehumet
Xom
Zin
The Shining One

#....... .....# #.......#
##..###. .....# #.......# #... ..
.....# #.......# ####+###. .....#
#.......# #........ .....
#.......# #........ ....#
#.......# ##........
#...#######....#########.....# ..
..............5OY......'.....# #
..#########....#########.....####
.. ▒▒▒▒▒▒▒................ ..
▒######......#### .. #......# ..
#......# .. #......## ..
#.......# #.......#


You could see a two-headed ogre and a white imp.


Message History

Casting: Ice Form (quite dangerous; 19% risk of failure)
Confirm with . or Enter, or press ? or * to list all spells.
You don't have enough magic to cast this spell.
The scorpion attacks as you move away! The scorpion misses you.
The scorpion barely misses you. The scorpion attacks as you move away!
The scorpion stings you.
Casting: Ice Form (quite dangerous; 19% risk of failure)
Confirm with . or Enter, or press ? or * to list all spells.
The spell is quite dangerous to miscast (19% risk of failure)!
Continue anyway?
You turn into a creature of crystalline ice.
The scorpion barely misses you.
You hit the scorpion but do no damage. The scorpion barely misses you.
You punch the scorpion! You freeze the scorpion.
The scorpion is almost dead.
The scorpion stings you.
You punch the scorpion! You freeze the scorpion.
You kill the scorpion!
Your Fighting skill increases to level 4!
You punch the two-headed ogre! You freeze the two-headed ogre!
The two-headed ogre is moderately wounded.
The two-headed ogre hits you with a +0 giant spiked club!!
* * * LOW HITPOINT WARNING * * *
The two-headed ogre hits you with a +0 great mace!!
* * * LOW HITPOINT WARNING * * *
You punch the two-headed ogre! You freeze the two-headed ogre.
The two-headed ogre is severely wounded.
You hit the two-headed ogre. You freeze the two-headed ogre.
The two-headed ogre is severely wounded.
The two-headed ogre hits you with a +0 giant spiked club!
You die...

Skill      XL: |  1  2  3  4  5  6  7  8 |
---------------+-------------------------+-----
Ice Magic      | 1 2 3 4 5 |  5.3
Transmutations | 3 4 5 |  5.9
Fighting       | 2 3 4 |  4.0
Unarmed Combat | 4 |  4.9
Dodging        | |  2.0
Spellcasting   | |  2.0

Action                   |  1- 3 |  4- 6 |  7- 9 || total
-------------------------+-------+-------+-------++-------
Melee: Unarmed           |    72 |   101 |    93 ||   266
       Tentacles         |    12 |    24 |     4 ||    40
       Constrict         |    17 |    22 |     4 ||    43
       Punch             |     3 |     3 |     2 ||     8
       Kick              |     5 |    18 |     3 ||    26
 Cast: Beastly Appendage |     2 |     6 |     1 ||     9
       Wereblood         |       |     2 |     3 ||     5
       Ice Form          |       |     1 |    10 ||    11
  Use: Potion            |       |     4 |       ||     4
       Scroll            |       |       |     1 ||     1
 Stab: Sleeping          |     1 |     3 |       ||     4
       Distracted        |       |     2 |       ||     2
Armor: Skin              |     6 |     5 |    18 ||    29
Dodge: Dodged            |    43 |    43 |    47 ||   133

Levels and vault maps discovered:
D:1:      dpeg_arrival_orchard, layout_rooms, minmay_tall_x
D:2:      layout_loops_corners, basic_ecumenical_altar, basic_altar,
          nicolae_titane, uniq_sigmund, uniq_jessica, uniq_terence
D:3:      layout_rooms, nicolae_wormholes
D:4:      layout_loops_ring, minmay_temple_entry_junction, abandoned_shop,
          corexii_hall_statues_x, uniq_natasha, uniq_duvessa
D:5:      layout_loops_corners, kennysheep_cross_room
D:6:      layout_basic, chequers_temple_overflow_statue_of_worship,
          nicolae_ossuary_entry_catacombs
Temple:   minmay_temple_curvy_branch

Notes
Turn   | Place    | Note
-------+----------+-------------------------------------------
     0 | D:1      | Raultor the Octopode Transmuter began the quest for the
                  | Orb.
     0 | D:1      | Reached XP level 1. HP: 13/13 MP: 3/3
   162 | D:1      | Reached XP level 2. HP: 18/18 MP: 5/5
   238 | D:1      | Reached skill level 1 in Ice Magic
   449 | D:1      | Reached XP level 3. HP: 14/23 MP: 6/6
   498 | D:1      | Learned a level 2 spell: Wereblood
   659 | D:2      | Noticed Terence
   665 | D:2      | HP: 1/23 [Terence/+0 mace (5)]
   667 | D:2      | Killed Terence
   770 | D:2      | Noticed Jessica
   780 | D:2      | Killed Jessica
   781 | D:2      | Reached skill level 3 in Transmutations
   781 | D:2      | Reached skill level 2 in Ice Magic
   781 | D:2      | Reached XP level 4. HP: 10/29 MP: 7/7
   787 | D:2      | HP: 2/29 [poisoned by an adder]
  1077 | D:2      | Learned a level 4 spell: Ice Form
  1203 | D:2      | Reached skill level 2 in Fighting
  1299 | D:2      | Noticed Sigmund
  1304 | D:2      | Killed Sigmund
  1305 | D:2      | Reached skill level 4 in Transmutations
  1305 | D:2      | Reached skill level 3 in Ice Magic
  1305 | D:2      | Reached XP level 5. HP: 35/35 MP: 8/8
  1305 | D:2      | Reached XP level 6. HP: 41/41 MP: 9/9
  1326 | D:2      | Found a glowing silver altar of Zin.
  1601 | D:2      | Found a faded altar of an unknown god.
  2383 | D:4      | Noticed Natasha
  2394 | D:4      | Killed Natasha
  2494 | D:4      | Found a staircase to the Ecumenical Temple.
  2515 | D:4      | Reached skill level 4 in Unarmed Combat
  2547 | Temple   | Entered the Ecumenical Temple
  2740 | Temple   | Became a worshipper of the Shining One
  2777 | D:4      | Noticed Dowan
  2779 | D:4      | Noticed Duvessa
  2781 | D:4      | Noticed Natasha
  2788 | D:4      | Killed Duvessa
  2789 | D:4      | Reached skill level 3 in Fighting
  2789 | D:4      | Reached XP level 7. HP: 46/46 MP: 10/10
  2790 | D:4      | Killed Dowan
  2800 | D:4      | Killed Natasha
  2801 | D:4      | Reached skill level 4 in Ice Magic
  3038 | D:4      | Noticed Natasha
  3049 | D:4      | Killed Natasha
  3401 | D:5      | Entered Level 5 of the Dungeon
  3439 | D:5      | Reached skill level 5 in Transmutations
  3747 | D:5      | Reached XP level 8. HP: 53/53 MP: 11/11
  3789 | D:5      | Upgraded the game from 0.30-a0-381-g6ea064c7b4 to
                  | 0.30-a0-393-g54b8e3be05
  4339 | D:5      | Reached skill level 5 in Ice Magic
  4771 | D:6      | Noticed a two-headed ogre
  4772 | D:6      | Found a stormy altar of Qazlal.
  4772 | D:6      | Found a hazy altar of Hepliaklqana.
  4772 | D:6      | Found a broken altar of Ashenzari.
  4793 | D:6      | Reached skill level 4 in Fighting
  4793 | D:6      | HP: 4/64 [two-headed ogre/+0 giant spiked club (22)]
  4795 | D:6      | Mangled by a two-headed ogre

Vanquished Creatures
  Sigmund (D:2)
  Duvessa (D:4)
  An ice beast (D:5)
  A phantom (D:5)
  A scorpion (D:6)
  A necrophage (D:6)
  Dowan (D:4)
  A howler monkey (D:5)
  3 hounds
  2 orc priests (D:5)
  Jessica (D:2)
  Terence (D:2)
  2 iguanas (D:5)
  Natasha (thrice) (D:4)
  An orc wizard (D:3)
  4 gnolls (D:6)
  6 adders
  A shadow imp (D:5)
  6 worms
  9 orcs
  5 ball pythons
  3 bats
  3 endoplasms
  7 giant cockroaches
  6 goblins
  2 hobgoblins (D:1)
  3 jackals (D:1)
  3 kobolds
  5 quokkas
  4 frilled lizards
  5 rats
93 creatures vanquished.

Table legend: (Time is in decaauts)
 A = Elapsed time spent in this place.
 B = Non-inter-level travel time spent in this place.
 C = Inter-level travel time spent in this place.
 D = Time resting spent in this place.
 E = Time spent auto-exploring this place.
 F = Levels seen in this place.
 G = Mean time per level.
                   A        B        C        D        E       F      G
               +--------+--------+--------+--------+--------+-----+--------+
         Total |   4774 |   4665 |    109 |    191 |   3424 |   7 |  682.0 |
       Dungeon |   4558 |   4470 |     88 |    191 |   3238 |   6 |  759.7 |
        Temple |    215 |    194 |     21 |      0 |    186 |   1 |  215.0 |
               +--------+--------+--------+--------+--------+-----+--------+

Top non-repeatable levels by time:
     D:2: 1173 daAuts
     D:5: 1101 daAuts
     D:4: 878 daAuts
     D:3: 576 daAuts
     D:1: 541 daAuts
     D:6: 286 daAuts
  Temple: 215 daAuts

Table legend:
 A = Non-vault XP
 B = Vault XP
 C = Vault XP percentage of total XP
 D = Non-vault monster count
 E = Vault monster count
 F = Vault count percentage of total count
                 A         B        C        D         E       F
            +---------+---------+-------+---------+---------+-------
      Total |    1113 |     544 |  32.8 |      79 |      14 |  15.1
            +---------+---------+-------+---------+---------+-------
        D:1 |      34 |       6 |  15.0 |      19 |       4 |  17.4
        D:2 |      58 |     299 |  83.8 |      14 |       3 |  17.6
        D:3 |      63 |      15 |  19.2 |      14 |       3 |  17.6
        D:4 |     131 |     224 |  63.1 |       6 |       4 |  40.0
        D:5 |     581 |       0 |   0.0 |      16 |       0 |   0.0
        D:6 |     246 |       0 |   0.0 |      10 |       0 |   0.0
            +---------+---------+-------+---------+---------+-------
